 Dungeon Crawl Stone Soup version 0.28-a0-724-g66f9036eb4 (webtiles) character file.

Game seed: 11441503476498566476

6025 KoroneIsBestGirl the Carver (level 10, -10/55 HPs)
             Began as a Vine Stalker Fighter on Oct 27, 2021.
             Was an Initiate of Gozag.
             Mangled by a two-headed ogre (11 damage)
             ... on level 8 of the Dungeon.
             The game lasted 00:14:13 (9135 turns).

KoroneIsBestGirl the Carver (Vine Stalker Fighter)  Turns: 9135, Time: 00:14:14

Health: -10/55     AC: 14    Str: 22    XL:     10   Next: 86%
Magic:  0/11       EV:  7    Int:  8    God:    Gozag
Gold:   1653       SH:  5    Dex: 14    Spells: 9/9 levels left

rFire   . . .      SeeInvis .   a - +0 long sword
rCold   . . .      Faith    .   c - +0 buckler
rNeg    . . .      Spirit   +   l - +0 plate armour
rPois   .          Reflect  .   (no helmet)
rElec   .          Harm     .   (no cloak)
rCorr   .          Rampage  .   n - +0 pair of gloves
Will    +....                   (no boots)
Stlth   ..........              (no amulet)
HPRegen 1.18/turn               (no ring)
MPRegen 0.12/turn               (no ring)

@: no status effects
A: fangs 3, regeneration 1, magic shield, antimagic bite, no potion heal 2
a: Renounce Religion, Potion Petition, Call Merchant, Bribe Branch


You were on level 8 of the Dungeon.
You worshipped Gozag.
Gozag was most pleased with you.
You visited 1 branch of the dungeon, and saw 10 of its levels.
You also visited: Sewer.

You collected 1693 gold pieces.
You paid 40 gold pieces to Gozag.

Inventory:

Hand Weapons
 a - a +0 long sword (weapon)
 o - a +1 vampiric falchion
 r - the +8 spear of Imbalance {chaos, Str+7}
   (You found it on level 7 of the Dungeon)

   Each time it hits an enemy it has a different, random effect.
   Str:       It affects your strength (+7).
Missiles
 i - 4 throwing nets
 k - 272 stones (quivered)
Armour
 c - a +0 buckler (worn)
 l - a +0 plate armour (worn)
 n - a +0 pair of gloves (worn)
 z - a +0 tower shield
Jewellery
 x - a +4 ring of protection
Wands
 d - a wand of flame (18)
Scrolls
 b - 2 scrolls of noise
 g - a scroll of brand weapon
 p - a scroll of teleportation
 q - 3 scrolls of enchant armour
 s - a scroll of fog
 u - a scroll of immolation {unknown}
 v - 2 scrolls of enchant weapon {unknown}
 w - 2 scrolls of amnesia
 y - a scroll of identify
Potions
 f - 4 potions of heal wounds
 h - 2 potions of curing
 j - 2 potions of brilliance {unknown}
 m - 3 potions of haste {unknown}
 t - a potion of resistance {unknown}
 A - 2 potions of mutation {unknown}


   Skills:
 + Level 7.4 Fighting
 + Level 10.1 Long Blades
 + Level 0.7 Throwing
 + Level 7.1 Armour
 + Level 1.2 Dodging
 + Level 1.9 Stealth
 - Level 4.0 Shields


You had 9 spell levels left.
You didn't know any spells.
Your spell library contained the following spells:

 Spells                   Type           Power      Damage    Failure   Level
 Animate Skeleton         Necr           0%         N/A       100%        1
 Pain                     Necr           0%         1d4       100%        1
 Slow                     Hex            0%         N/A       100%        2
 Confusing Touch          Hex            0%         N/A       100%        3
 Ozocubu's Armour         Ice            0%         N/A       100%        3
 Vampiric Draining        Necr           0%         2d6       100%        3
 Metabolic Englaciation   Hex/Ice        0%         N/A       100%        5
 Summon Forest            Summ/Tloc      0%         N/A       100%        5
 Yara's Violent Unravell  Hex/Tmut       0%         3d3       100%        5
 Dispersal                Tloc           0%         N/A       100%        6
 Malign Gateway           Summ/Tloc      0%         N/A       100%        7
 Ozocubu's Refrigeration  Ice            0%         4d5       100%        7
 Disjunction              Tloc           0%         N/A       100%        8


Dungeon Overview and Level Annotations

Branches:
Dungeon (10/15)            Temple (0/1) D:6           Sewer (visited)
   Lair: D:8-11         Orc: D:9-12

Altars:
Ashenzari
Gozag
Kikubaaqudgha
Okawaru
Qazlal
Sif Muna
Wu Jian
Zin

Shops:
D:3 *   D:4 *   D:8 ?


Innate Abilities, Weirdness & Mutations

You have razor-sharp teeth.
Your natural rate of healing is unusually fast.
When hurt, damage is shared between your health and your magic reserves.
Your bite disrupts and absorbs the magic of your enemies.
Potions cannot restore your health.


Message History

A magic dart appears from out of thin air!
The magic dart hits you but does no damage.
You see here a +0 club.
Something hits you.
A two-headed ogre is nearby!
A two-headed ogre is nearby!
A two-headed ogre is nearby!
A two-headed ogre is nearby!
A two-headed ogre is nearby!
Things that are here:
a +0 plate armour; a +0 scimitar You completely miss the two-headed ogre.
Your bite misses the two-headed ogre.
The two-headed ogre hits you with a +0 giant club.
The two-headed ogre closely misses you.
You slash the two-headed ogre!
The two-headed ogre is moderately wounded.
The two-headed ogre hits you with a +0 giant club!
You block the two-headed ogre's attack.
You hit the two-headed ogre.
The two-headed ogre is moderately wounded.
You slash the two-headed ogre! You bite the two-headed ogre.
You drain its power.
You feel invigorated.
The two-headed ogre is heavily wounded.
The two-headed ogre hits you with a +0 giant club.
The two-headed ogre hits you but does no damage.
You slash the two-headed ogre!
The two-headed ogre is severely wounded.
The two-headed ogre hits you with a +0 giant club!!
The two-headed ogre hits you with a +0 giant club.
You barely miss the two-headed ogre.
The two-headed ogre is severely wounded.
You hit the two-headed ogre but do no damage.
You bite the two-headed ogre, but do no damage.
The two-headed ogre is severely wounded.
The two-headed ogre hits you with a +0 giant club!!
* * * LOW HITPOINT WARNING * * *
The two-headed ogre hits you with a +0 giant club!
You die...
Your body crumbles into a pile of gold.

#.......................#.#
#............#..#..###....#####
#............#.##.......#......
#............#.###.###..#.#####
#............#.# #......#.#....
#.............<# ####...#.#.#.#
#............#.# ###...#.#.#..
#............#.# #.....#.#.##.
#............#@# #.....#.#.##.
#............#O# #...........(
###########'##{# #.....#######
#......#.# #............
#......#.# #...#########
#......#[# #...# #......#.#
#...######### #........#
#...#........
#.....#..####...#.#######


You could see a two-headed ogre.

Vanquished Creatures
  A hornet (D:9)
  Prince Ribbit (D:6)
  5 slime creatures (D:6)
  A wraith (D:8)
  A steam dragon (D:8)
  10 yaks
  2 water moccasins
  An orc warrior (D:8)
  An ice beast (D:6)
  3 sky beasts
  A necrophage (D:7)
  2 centaurs
  An ogre (D:4)
  A phantom (D:6)
  2 kobold brigands (Sewer)
  Blork the orc (D:5)
  3 bullfrogs
  A scorpion (D:4)
  2 water moccasin zombies (D:5)
  A wyvern skeleton (D:4)
  3 wights (D:9)
  3 centaur zombies
  A bullfrog zombie (D:5)
  2 gnoll shamans
  3 hounds
  3 orc priests
  2 centaur skeletons (D:6)
  Ijyb (D:4)
  3 iguanas (D:5)
  6 orc wizards
  A hound skeleton (D:4)
  23 gnolls
  A howler monkey skeleton (D:7)
  3 river rats (Sewer)
  4 adders
  2 white imps
  2 ufetubi
  An adder zombie (D:5)
  4 worms
  5 dart slugs
  23 orcs
  7 endoplasms
  13 giant cockroaches
  9 goblins
  2 hobgoblins
  2 jackals (D:1)
  2 quokkas
  10 ball pythons
  8 bats
  3 frilled lizards
  A jackal skeleton (D:4)
  5 kobolds
  10 rats
209 creatures vanquished.

Vanquished Creatures (others)
  A water moccasin (D:8)
  4 fungi (D:2)
  4 plants (D:2)
9 creatures vanquished.

Grand Total: 218 creatures vanquished

Notes
Turn   | Place    | Note
-------+----------+-------------------------------------------
     0 | D:1      | KoroneIsBestGirl the Vine Stalker Fighter began the quest
                  | for the Orb.
     0 | D:1      | Reached XP level 1. HP: 11/11 MP: 2/2
   299 | D:1      | Reached XP level 2. HP: 16/16 MP: 3/3
   468 | D:1      | Reached skill level 2 in Long Blades
   542 | D:1      | Reached XP level 3. HP: 16/19 MP: 4/4
  1211 | D:2      | Found a faded altar of an unknown god.
  1258 | D:2      | Gained mutation: Your natural rate of healing is unusually
                  | fast. [Vine Stalker growth]
  1258 | D:2      | Reached XP level 4. HP: 24/24 MP: 5/5
  1681 | D:3      | Found Gozag's Platinum Reserve.
  1734 | D:3      | Found an opulent altar of Gozag.
  1785 | D:3      | Became a worshipper of Gozag Ym Sagoz the Greedy
  1901 | D:4      | Reached skill level 3 in Long Blades
  1901 | D:4      | Reached XP level 5. HP: 22/28 MP: 3/6
  1966 | D:4      | Got the Tome of Creative Malediction
  1978 | D:4      | Found an iron altar of Okawaru.
  2146 | D:4      | Found Impyuro's Assorted Antiques.
  2155 | D:4      | Reached XP level 6. HP: 30/32 MP: 5/7
  2454 | D:4      | Reached skill level 4 in Long Blades
  2505 | D:4      | Noticed Ijyb
  2518 | D:4      | Killed Ijyb
  2532 | D:4      | Found an ornate altar of the Wu Jian Council.
  3107 | D:5      | Entered Level 5 of the Dungeon
  3127 | D:5      | Reached XP level 7. HP: 37/37 MP: 8/8
  3159 | D:5      | Noticed a yak
  3159 | D:5      | Noticed a yak
  3159 | D:5      | Noticed a yak
  3159 | D:5      | Noticed a yak
  3161 | D:5      | Noticed a yak
  3170 | D:5      | Killed a yak
  3172 | D:5      | Noticed a yak
  3196 | D:4      | Killed a yak
  3209 | D:4      | Killed a yak
  3210 | D:4      | Reached skill level 5 in Long Blades
  3210 | D:4      | Gained mutation: You have razor-sharp teeth. [Vine Stalker
                  | growth]
  3210 | D:4      | Reached XP level 8. HP: 24/42 MP: 6/9
  3243 | D:4      | Killed a yak
  3254 | D:4      | Killed a yak
  3255 | D:4      | Reached skill level 5 in Fighting
  3255 | D:4      | Reached skill level 6 in Long Blades
  3266 | D:5      | Killed a yak
  3550 | D:5      | Found a glowing drain.
  3555 | Sewer    | Entered a sewer
  3910 | D:5      | Reached skill level 5 in Armour
  3910 | D:5      | Reached XP level 9. HP: 47/47 MP: 10/10
  4090 | D:5      | Found a broken altar of Ashenzari.
  4090 | D:5      | Found an ancient bone altar of Kikubaaqudgha.
  4141 | D:5      | Reached skill level 7 in Long Blades
  4281 | D:5      | Noticed Blork the orc
  4290 | D:5      | Killed Blork the orc
  4798 | D:6      | Found a staircase to the Ecumenical Temple.
  5010 | D:6      | Reached skill level 8 in Long Blades
  5096 | D:6      | Noticed Prince Ribbit
  5111 | D:6      | Killed Prince Ribbit
  5112 | D:6      | Reached skill level 1 in Dodging
  5112 | D:6      | Reached skill level 1 in Stealth
  5388 | D:7      | Found a shimmering blue altar of Sif Muna.
  5675 | D:8      | Found Nouxeul's Magic Scroll Emporium.
  5809 | D:8      | Found a stormy altar of Qazlal.
  5830 | D:8      | Reached XP level 10. HP: 52/53 MP: 11/11
  6224 | D:8      | Reached skill level 9 in Long Blades
  6369 | D:8      | Noticed a seven-headed hydra
  6393 | D:9      | Paralysed by a hornet for 2 turns
  6597 | D:9      | Paralysed by a hornet for 3 turns
  7144 | D:7      | Identified the +8 spear of Imbalance {chaos, Str+7}
  7884 | D:7      | Found a glowing silver altar of Zin.
  8696 | D:9      | Reached skill level 10 in Long Blades
  8739 | D:10     | Entered Level 10 of the Dungeon
  9082 | D:9      | Noticed a two-headed ogre
  9135 | D:8      | HP: 1/55 [two-headed ogre (25)]
  9135 | D:8      | Mangled by a two-headed ogre

Illustrated notes

Levels and vault maps discovered:
D:1:      dpeg_arrival_tiny_d, layout_rooms, serial_glass, glass_columns_c,
          glass_columns_a, glass_columns_a, glass_columns_a, glass_columns_b,
          glass_columns_b, glass_columns_c, glass_columns_a, glass_columns_a,
          glass_columns_c, minmay_tree_intersection, minmay_worlds_worst_comb
D:2:      layout_loops_cross, shapermc_ecumenical_altar_mp_urbaneastern
D:3:      layout_basic, nicolae_gozag_zags_fifth_avenue
D:4:      layout_basic, amcnicky_altar_gilded, general_overflow_altar,
          nicolae_stop_n_shop_1, uniq_ijyb
D:5:      layout_basic, gammafunk_temple_overflow_pools, portal_sewer_entry_e,
          uniq_blork_the_orc
D:6:      layout_loops_ring, minmay_temple_entry_overgrown, uniq_prince_ribbit1
D:7:      layout_cave_pods, lemuel_crystal_altar, led_sif_book,
          serial_column_ruins, column_ruins_hut_ruined, column_ruins_grid_1,
          column_ruins_columns_corner, column_ruins_grid_1,
          column_ruins_open_large, column_ruins_open_tiny
D:8:      layout_basic, nicolae_qazlal_scattered_showers, serial_shops, shop,
          wad_mini_maze
D:9:      layout_long_grid, orc_0_dummy
D:10:     layout_loops_ring, mainiacjoe_overflow_catwalk_spiral,
          lair_entry_dummy

Skill      XL: |  1  2  3  4  5  6  7  8  9 10 |
---------------+-------------------------------+-----
Shields        | 3 4 |  4.0
Long Blades    | 2 3 4 5 6 8 10 | 10.1
Fighting       | 3 4 5 6 7 |  7.4
Armour         | 3 4 5 6 7 |  7.1
Dodging        | 1 |  1.2
Stealth        | 1 |  1.9
Throwing       | |  0.7

Action                   |  1- 3 |  4- 6 |  7- 9 | 10-12 || total
-------------------------+-------+-------+-------+-------++-------
Melee: Long sword        |    94 |   162 |   355 |   226 ||   837
       Bite              |    22 |    57 |   129 |    91 ||   299
Throw: Stone             |     3 |     2 |       |     3 ||     8
  Use: Potion            |       |     1 |     1 |     3 ||     5
       Scroll            |       |       |     8 |     3 ||    11
 Stab: Distracted        |       |       |     1 |       ||     1
Armor: Scale mail        |    29 |       |       |       ||    29
       Plate armour      |    20 |   102 |   203 |   120 ||   445
       Skin              |       |       |       |     9 ||     9
Dodge: Dodged            |    42 |    46 |    88 |    73 ||   249
Block: Buckler           |    15 |    51 |    70 |    48 ||   184

Table legend: (Time is in decaauts)
 A = Elapsed time spent in this place.
 B = Non-inter-level travel time spent in this place.
 C = Inter-level travel time spent in this place.
 D = Time resting spent in this place.
 E = Time spent auto-exploring this place.
 F = Levels seen in this place.
 G = Mean time per level.
                   A        B        C        D        E       F      G
               +--------+--------+--------+--------+--------+-----+--------+
         Total |   9310 |   8802 |    508 |    900 |   5598 |  11 |  846.4 |
       Dungeon |   8914 |   8406 |    508 |    900 |   5364 |  10 |  891.4 |
         Sewer |    396 |    396 |      0 |      0 |    234 |   1 |  396.0 |
               +--------+--------+--------+--------+--------+-----+--------+

Top non-repeatable levels by time:
     D:8: 1862 daAuts
     D:6: 1218 daAuts
     D:5: 1124 daAuts
     D:4: 995 daAuts
     D:1: 945 daAuts
     D:7: 908 daAuts
     D:3: 704 daAuts
     D:2: 638 daAuts
     D:9: 497 daAuts
   Sewer: 396 daAuts
    D:10: 19 daAuts
